 Dungeon Crawl Stone Soup version 0.18.1-50-g88ac8fd (webtiles) character file.

79 magog001 the Shield-Bearer (level 4, -6/29 HPs)
             Began as a Gargoyle Fighter on Dec 18, 2018.
             Mangled by magog001's ghost (12 damage)
             ... on level 3 of the Dungeon.
             The game lasted 00:08:31 (1332 turns).

magog001 the Shield-Bearer (Gargoyle Fighter)       Turns: 1332, Time: 00:08:32

Health: -6/29      AC: 11    Str: 26    XL:     4   Next: 37%
Magic:  4/4        EV:  8    Int:  8    God:
Gold:   125        SH: 15    Dex:  9    Spells: 0 memorised, 3 levels left

rFire  . . .     SeeInvis .     a - +0 flail
rCold  . . .     Gourm    .     b - +0 scale mail
rNeg   + . .     Faith    .     c - +0 shield
rPois  ∞         Spirit   .     t - +0 helmet
rElec  +         Dismiss  .     (no cloak)
rCorr  .         Reflect  +     (no gloves)
SustAt .         Harm     .     (no boots)
MR     .....                    x - +5 amulet of reflection
Stlth  ..........               (no ring)
                                (no ring)

@: mighty, not resistant to hostile enchantments, extremely unstealthy
A: negative energy resistance 1, electricity resistance, unbreathing,
petrification resistance, rot immunity, AC +3
a: no special abilities


You were on level 3 of the Dungeon.
You were hungry.

You visited 1 branch of the dungeon, and saw 3 of its levels.

You collected 125 gold pieces.

Inventory:

Hand Weapons
 a - a +0 flail (weapon)
Missiles
 g - 60 bolts
 s - 34 poisoned needles
 w - 8 curare-tipped needles
Armour
 b - a +0 scale mail (worn)
 c - a +0 shield (worn)
 t - a +0 helmet (worn)
 u - a +0 helmet
Jewellery
 x - a +5 amulet of reflection (around neck)
Scrolls
 j - a scroll of enchant armour {unknown}
 l - 2 scrolls of identify {unknown}
 m - a scroll of enchant weapon {unknown}
 n - a scroll of random uselessness {unknown}
 r - a scroll of magic mapping {unknown}
 v - a scroll of teleportation {unknown}
 y - a scroll of noise {unknown}
Potions
 e - 2 potions of cure mutation {unknown}
 h - a potion of berserk rage {unknown}
 k - 2 potions of curing {unknown}
 p - 2 potions of heal wounds {unknown}
 q - a potion of magic {unknown}
Comestibles
 f - 2 bread rations
 i - 4 chunks of flesh
 o - a meat ration


   Skills:
 * Level 3.9 Fighting
 * Level 2.4 Maces & Flails
 * Level 4.0 Armour
 - Level 0.5 Dodging
 * Level 4.0 Shields


You had 3 spell levels left.
You didn't know any spells.

Dungeon Overview and Level Annotations

Branches:
Dungeon (3/15)

Altars:
Gozag

Annotations:
D:3 magog001's ghost, amateur GrFi


Innate Abilities, Weirdness & Mutations

You are resistant to torment.
Your stone body is resilient (AC +3).
You are immune to poison.
You resist negative energy.
You are resistant to electric shocks.
You can survive without breathing.
You are immune to petrification.
You are immune to rotting.


Message History

You hit magog001's ghost.
Magog001's ghost is moderately damaged.
You block magog001's ghost's attack. Magog001's ghost closely misses you.
Your shield and scale mail prevent you from hitting magog001's ghost.
Magog001's ghost is moderately damaged.
Magog001's ghost hits you!
Your shield and scale mail prevent you from hitting magog001's ghost.
Magog001's ghost is moderately damaged.
You block magog001's ghost's attack. Magog001's ghost hits you.
You thump magog001's ghost!
Magog001's ghost is heavily damaged.
Magog001's ghost hits you.
* * * LOW HITPOINT WARNING * * *
You sock magog001's ghost!
Magog001's ghost is almost destroyed.
You block magog001's ghost's attack.
Your shield prevents you from hitting magog001's ghost.
Magog001's ghost is almost destroyed.
You block magog001's ghost's attack. Magog001's ghost hits you!
You die...

. #.. .....######
......W@..##############
....#####...............
. #..#####..#####.
#..#......# #)
#.....##.######.
#.##..#.........
....#..##########
#....#............
#....#.###########


You could see magog001's ghost.

Vanquished Creatures
  2 adders (D:2)
  3 worms (D:2)
  A giant gecko (D:1)
  3 bats (D:2)
  2 bat zombies (D:2)
  5 giant cockroaches
  7 hobgoblins
  4 jackals (D:1)
  A quokka (D:2)
  A giant cockroach zombie (D:2)
  5 giant newts
  8 goblins (D:1)
  A jackal zombie (D:2)
  A kobold (D:1)
  5 rats
49 creatures vanquished.

Notes
Turn   | Place    | Note
--------------------------------------------------------------
     0 | D:1      | magog001 the Gargoyle Fighter began the quest for the Orb.
     0 | D:1      | Reached XP level 1. HP: 14/14 MP: 1/1
    78 | D:1      | Reached XP level 2. HP: 18/19 MP: 2/2
   393 | D:1      | Reached XP level 3. HP: 23/24 MP: 3/3
   484 | D:2      | Found an opulent altar of Gozag.
   947 | D:2      | Reached XP level 4. HP: 22/29 MP: 4/4
  1315 | D:3      | Noticed magog001's ghost (amateur GrFi)
  1332 | D:3      | Mangled by magog001's ghost

Skill      XL: |  1  2  3  4 |
---------------+-------------+-----
Shields        | 4 |  4.0
Armour         | 4 |  4.0
Fighting       | |  3.9
Maces & Flails | |  2.4
Dodging        | |  0.5

Action                   |  1- 3 |  4- 6 || total
-------------------------+-------+-------++-------
Melee: Flail             |   164 |    52 ||   216
  Use: Potion            |       |     1 ||     1
  Eat: Chunk             |     1 |       ||     1
Armor: Scale mail        |   102 |    18 ||   120
Dodge: Dodged            |    53 |    15 ||    68
Block: Shield            |    92 |    24 ||   116
